 Dungeon Crawl Stone Soup version 0.23.2-33-g5129a83184 (webtiles) character file.

Game seed: 6143577252078357654

112 Craats the Covered (level 4, -7/40 HPs)
             Began as a Hill Orc Fighter on Aug 2, 2019.
             Killed by nerve-wracking pain
             ... invoked by Grinder
              (13 damage)
             ... on level 4 of the Dungeon.
             The game lasted 00:07:10 (2266 turns).

Craats the Covered (Hill Orc Fighter)               Turns: 2266, Time: 00:07:12

Health: -7/40      AC:  7    Str: 19    XL:     4   Next: 93%
Magic:  4/4        EV:  7    Int:  8    God:
Gold:   135        SH:  9    Dex: 10    Spells: 3/3 levels left

rFire    . . .     SeeInvis .   a - +0 long sword
rCold    . . .     Gourm    .   c - +0 shield
rNeg     . . .     Faith    .   b - +0 scale mail
rPois    .         Spirit   .   (no helmet)
rElec    .         Reflect  .   (no cloak)
rCorr    .         Harm     .   (no gloves)
MR       .....                  (no boots)
Stlth    ..........             (no amulet)
HPRegen  0.13/turn              (no ring)
MPRegen  0.09/turn              (no ring)

@: no status effects
A: no striking features
a: no special abilities


You were on level 4 of the Dungeon.
You were not hungry.

You visited 1 branch of the dungeon, and saw 4 of its levels.

You collected 135 gold pieces.

Inventory:

Hand Weapons
 a - a +0 long sword (weapon)
 o - a +3 mace
Armour
 b - a +0 scale mail (worn)
 c - a +0 shield (worn)
Wands
 t - a wand of paralysis (7)
Scrolls
 h - 2 scrolls of enchant armour {unknown}
 k - 3 scrolls of identify {unknown}
 l - 2 scrolls of teleportation {unknown}
 n - a scroll of fear {unknown}
 p - 2 scrolls of fog {unknown}
 q - a scroll of immolation {unknown}
 s - a scroll of enchant weapon {unknown}
 u - a scroll of remove curse {unknown}
Potions
 d - a potion of might
 e - a potion of berserk rage
 g - a potion of curing {unknown}
 i - a potion of heal wounds {unknown}
 j - a potion of agility {unknown}
 m - a potion of haste {unknown}
 r - a potion of resistance {unknown}
Comestibles
 f - 5 rations


   Skills:
 + Level 3.9 Fighting
 + Level 3.6 Long Blades
 + Level 4.1 Armour
 + Level 0.9 Dodging
 + Level 3.9 Shields


You had 3 spell levels left.
You didn't know any spells.
Your spell library was empty.

Dungeon Overview and Level Annotations

Branches:
Dungeon (4/15)             Temple (0/1) D:4

Altars:
Hepliaklqana
Xom

Annotations:
D:4 Grinder


Message History

You are too injured to fight recklessly!
You are too injured to fight recklessly!
You are too injured to fight recklessly!
You are too injured to fight recklessly!
You hit Grinder.
Grinder is severely wounded.
Grinder hits you.
* * * LOW HITPOINT WARNING * * *
You writhe in agony.
* * * LOW HITPOINT WARNING * * *
You closely miss Grinder.
Grinder is severely wounded.
Grinder blinks!
You slash Grinder!
Grinder is almost dead.
Grinder barely misses you.
You riposte.
You barely miss Grinder.
Grinder is almost dead.
Grinder gestures at you. Pain shoots through your body!
You die...

.# #..#.###.# ##
##.#.....# #.......#
##......#####
########..#####[..#
.....).....# #...####
.##..[)....# #......#
.........>.####.5....#
..##............@$...#
#....................#
#.##....................
.................###....
#.#.......######## ...
..#.......# ..
#.........# .
..##......# #.........#


You could see Grinder.

Vanquished Creatures
  A worker ant (D:4)
  2 adders
  2 dart slugs (D:2)
  A leopard gecko (D:1)
  7 orcs
  2 ball pythons
  3 giant cockroaches
  3 goblins (D:1)
  8 hobgoblins
  7 kobolds
  A ball python skeleton (D:4)
  10 bats
  3 frilled lizards
  5 rats
55 creatures vanquished.

Notes
Turn   | Place    | Note
-------+----------+-------------------------------------------
     0 | D:1      | Craats the Hill Orc Fighter began the quest for the Orb.
     0 | D:1      | Reached XP level 1. HP: 19/19 MP: 1/1
   127 | D:1      | Reached XP level 2. HP: 18/27 MP: 2/2
   392 | D:1      | Reached XP level 3. HP: 24/33 MP: 3/3
  1482 | D:3      | Found a hazy altar of Hepliaklqana.
  1548 | D:3      | Reached skill level 4 in Armour
  1548 | D:3      | Reached XP level 4. HP: 32/40 MP: 4/4
  1707 | D:3      | Found a shimmering altar of Xom.
  1900 | D:4      | Found a staircase to the Ecumenical Temple.
  2250 | D:4      | Noticed Grinder
  2251 | D:4      | Found the +9 scales of the Dragon King {rPois rF+ rC+ MR+}
  2266 | D:4      | Killed from afar by Grinder

Skill      XL: |  1  2  3  4 |
---------------+-------------+-----
Armour         | 4 |  4.1
Long Blades    | 3 |  3.6
Fighting       | |  3.9
Dodging        | |  0.9
Shields        | |  3.9

Action                   |  1- 3 |  4- 6 || total
-------------------------+-------+-------++-------
Melee: Long sword        |   127 |    68 ||   195
  Use: Potion            |     1 |       ||     1
  Eat: Ration            |     1 |     1 ||     2
Armor: Scale mail        |    73 |    33 ||   106
Dodge: Dodged            |    48 |    20 ||    68
Block: Shield            |    79 |    33 ||   112
       Rpst.: Long sword |    16 |     6 ||    22
